AoeStats
← Iamak3186

Arabia

505072461Analyzed
1v1 RM · 25d ago on Sep 7, 2026· 48m 46s· 2 players
Game mode
Random Map
Map size
Tiny (2 player)
Population
200
Speed
Normal
Resources
Standard
Victory
Conquest
Starting age
Dark Age
Ending age
Imperial Age
RankedLock teamsTeams togetherTeam positionsShared explorationLock speedFull tech treeHidden civsTurbo modeCheats
Victory
Defeat
🇮🇳 Mongols · India
1201
+17
🇨🇳 Franks · China
1219
-17
Iamak3186
5:39 Loom
6:15 Loom
8:06 Feudal Age
7:19 Loom
8:39 Double-Bit Axe
13:56 Horse Collar
19:33 Wheelbarrow
22:21 Castle Age
22:53 Scale Barding Armor
23:25 Bow Saw
23:40 Bloodlines
26:30 Forging
28:25 Heavy Plow
34:49 Hand Cart
34:20 Town Watch
35:48 Fletching
36:01 Stone Mining
36:02 Gold Mining
40:16 Bodkin Arrow
43:17 Imperial Age
41:33 Padded Archer Armor
42:07 Husbandry
42:29 Thumb Ring
43:52 Heavy Camel Rider
44:54 Chain Barding Armor
44:35 Bracer
45:10 Ballistics
45:50 Chemistry
Skt_T1丶Pigker
6:33 Loom
9:14 Feudal Age
10:22 Double-Bit Axe
19:10 Wheelbarrow
20:43 Forging
21:25 Scale Barding Armor
25:45 Castle Age
23:47 Gold Mining
27:54 Chain Barding Armor
28:36 Town Watch
29:23 Fletching
29:50 Husbandry
31:17 Iron Casting
33:01 Scale Mail Armor
34:08 Pikeman
35:57 Bow Saw
36:47 Fishing Lines
37:32 Squires
38:04 Gillnets
38:36 Stone Mining
39:43 Chain Mail Armor
40:50 Hand Cart
40:56 Town Patrol
43:15 Bodkin Arrow
46:01 Imperial Age
43:41 Padded Archer Armor
46:18 Masonry
47:25 Plate Barding Armor
Connection lost

Rejoining the realm…

Still unreachable

The connection could not be restored.

Session expired

The server has moved on; the page needs a fresh start.